 Dungeon Crawl Stone Soup version 0.31-a0-177-g4aa6249778 (webtiles) character file.

Game seed: 9182358528626263598

172 Hajna the Sneak (level 5, -3/29 HPs)
             Began as a Kobold Enchanter on June 19, 2023.
             Slain by a gnoll
             ... wielding a +0 spear
              (6 damage)
             ... on level 3 of the Dungeon.
             The game lasted 00:05:49 (2543 turns).

Hajna the Sneak (Kobold Enchanter)                  Turns: 2543, Time: 00:05:49

Health: -3/29      AC:  2    Str:  6    XL:     5   Next: 82%
Magic:  2/8        EV: 16    Int: 22    God:
Gold:   82         SH:  0    Dex: 17    Spells: 7/9 levels left

rFire   . . .        a - +1 dagger
rCold   . . .        (no shield)
rNeg    . . .        b - +0 robe
rPois   .            (no helmet)
rElec   .            (no cloak)
rCorr   .            (no gloves)
SInv    .            (no boots)
Will    .....        (no amulet)
Stlth   ++++         j - +6 ring of intelligence
HPRegen 0.24/turn    (no ring)
MPRegen 0.11/turn

%: no passive effects
@: no status effects
A: small, no large weapons, nightstalker 3
a: no special abilities


You were on level 3 of the Dungeon.
You visited 1 branch of the dungeon, and saw 3 of its levels.

You collected 141 gold pieces.
You spent 59 gold pieces at shops.

Inventory:

Hand Weapons
 a - a +1 dagger (weapon)
Missiles
 n - 2 poisoned darts
Armour
 b - a +0 robe (worn)
Jewellery
 j - a +6 ring of intelligence (left hand)
Scrolls
 d - a scroll of enchant weapon {unknown}
 e - a scroll of amnesia {unknown}
 g - a scroll of revelation {unknown}
 h - 2 scrolls of teleportation
 i - a scroll of poison {unknown}
 k - a scroll of enchant armour {unknown}
 m - 2 scrolls of identify
Potions
 c - 2 potions of invisibility
 f - 3 potions of attraction
 l - a potion of heal wounds
 o - a potion of resistance


   Skills:
 + Level 1.0 Fighting
 + Level 2.1 Short Blades
 * Level 3.6 Dodging
 * Level 6.1 Stealth
 + Level 2.5 Spellcasting
 + Level 3.7 Hexes
 + Level 0.8 Ice Magic


You had 7 spell levels left.
You knew the following spells:

 Your Spells              Type           Power      Damage    Failure   Level
a - Ensorcelled Hibernat  Hex/Ice        24%        N/A       8%          2

Your spell library contained the following spells:

 Spells                   Type           Power      Damage    Failure   Level
 Confusing Touch          Hex            19%        N/A       9%          3
 Tukima's Dance           Hex            19%        N/A       9%          3
 Dazzling Flash           Conj/Hex       20%        N/A       19%         3
 Ozocubu's Armour         Ice            6%         N/A       28%         3
 Ozocubu's Refrigeration  Ice            3%         4d8       100%        7


Dungeon Overview and Level Annotations

Branches:
Dungeon (3/15)

Altars:

Shops:
D:1 ==*?


Innate Abilities, Weirdness & Mutations

You are small and have problems with some larger weapons.
You are completely attuned to the shadows.


Message History

The gnoll misses you. The gnoll attacks as you move away! The gnoll misses you.
A rat comes into view.
The gnoll closely misses you. The gnoll closely misses you.
You barely miss the gnoll. The gnoll closely misses you.
You barely miss the gnoll. The gnoll barely misses you. The gnoll misses you.
You hit the gnoll.
The gnoll is moderately wounded.
The gnoll hits you with a +0 spear.
You hit the rat.
You kill the rat!
The gnoll resists with significant effort.
The gnoll closely misses you.
The gnoll hits you from afar with a +0 spear. x2
The gnoll barely misses you.
The gnoll looks drowsy...
The gnoll closely misses you.
The gnoll hits you from afar with a +0 spear.
You are too injured to fight recklessly!
The helpless gnoll fails to defend itself.
You impale the gnoll!!
You kill the gnoll!
The gnoll completely misses you.
The gnoll hits you from afar with a +0 spear.
You hit the gnoll.
The gnoll is moderately wounded.
The gnoll closely misses you. The gnoll misses you.
The gnoll barely misses you.
Aiming: Ensorcelled Hibernation (safe; 8% risk of failure)
Press: ? - help, Q - select action, (/) - cycle Shift-Dir - straight line, f - gnoll
Aim: a gnoll, wielding a +1 whip of electrocution (moderately wounded, chance to affect: 54%)
The gnoll resists with significant effort.
The gnoll barely misses you. x2
The gnoll hits you with a +1 whip of electrocution!
* * * LOW HITPOINT WARNING * * *
You hit the gnoll.
The gnoll is heavily wounded.
The gnoll closely misses you. The gnoll misses you.
The gnoll hits you from afar with a +0 spear.
You die...

#.##########......
#.#...............
..#.#.#######...#..# .
#.#.#.######........
#.#.#....[..##........
##.#.#.................
..rg.......... .......#
#.#.#.#.####. ........
#.#@#.# #.......#
.g..g.g# # .#........
....g.... ..........
......### .#........
###...# ....<<....
.#...###.# ..........
.#...##... #.#.##.##


You could see 3 gnolls.

Vanquished Creatures
  Natasha (thrice) (D:2)
  Robin (D:2)
  A gnoll (D:3)
  An adder (D:2)
  3 worms (D:2)
  3 dart slugs
  2 giant cockroaches (D:1)
  11 goblins
  11 hobgoblins
  A quokka (D:2)
  2 ball pythons (D:1)
  9 bats
  A frilled lizard (D:1)
  2 kobolds
  2 rats
53 creatures vanquished.

Notes
Turn   | Place    | Note
-------+----------+-------------------------------------------
     0 | D:1      | Hajna the Kobold Enchanter began the quest for the Orb.
     0 | D:1      | Reached XP level 1. HP: 10/10 MP: 3/3
   102 | D:1      | Reached XP level 2. HP: 12/15 MP: 5/5
   105 | D:1      | Learned a level 2 spell: Ensorcelled Hibernation
   289 | D:1      | Found Fotwaon's Jewellery Boutique.
   336 | D:1      | Found Ylluu's Jewellery Shop.
   430 | D:1      | Found Jaiplofa's General Store.
   442 | D:1      | Bought a scroll of identify for 20 gold pieces
   514 | D:1      | Found Wugeutan's Magic Scroll Shop.
   519 | D:1      | Bought a scroll of teleportation for 39 gold pieces
   798 | D:1      | Reached XP level 3. HP: 17/19 MP: 1/6
  1142 | D:2      | Noticed Robin
  1149 | D:2      | Reached skill level 5 in Stealth
  1150 | D:2      | Killed Robin
  1151 | D:2      | Reached XP level 4. HP: 18/24 MP: 4/7
  1545 | D:2      | Noticed Natasha
  1549 | D:2      | Killed Natasha
  1550 | D:2      | Reached skill level 1 in Fighting
  1550 | D:2      | Reached XP level 5. HP: 29/29 MP: 8/8
  1604 | D:2      | Noticed Natasha
  1609 | D:2      | Killed Natasha
  2384 | D:2      | Noticed Natasha
  2412 | D:2      | Killed Natasha
  2413 | D:2      | Reached skill level 6 in Stealth
  2543 | D:3      | Slain by a gnoll

Illustrated notes

Levels and vault maps discovered:
D:1:      dpeg_arrival_round_a, layout_loops_ring, serial_shops, shop, shop,
          nicolae_shop_peninsula, shop
D:2:      layout_basic, uniq_natasha, uniq_robin
D:3:      layout_basic, serial_shops, shop, kennysheep_generic_room_15,
          uniq_ijyb

Skill      XL: |  1  2  3  4  5 |
---------------+----------------+-----
Dodging        | 3 |  3.6
Stealth        | 5 6 |  6.1
Fighting       | 1 |  1.0
Short Blades   | 2 |  2.1
Spellcasting   | |  2.5
Hexes          | |  3.7
Ice Magic      | |  0.8

Action                     |  1- 3 |  4- 6 || total
---------------------------+-------+-------++-------
  Melee: Dagger            |    64 |    71 ||   135
         Punch             |     1 |     1 ||     2
   Cast: Ensorcelled Hiber |     8 |    23 ||    31
    Use: Scroll            |     1 |       ||     1
         Potion            |       |     1 ||     1
   Stab: Sleeping          |    17 |    16 ||    33
         Distracted        |     1 |       ||     1
 Armour: Robe              |     5 |     9 ||    14
  Dodge: Dodged            |    42 |    75 ||   117

Table legend: (Time is in decaauts)
 A = Elapsed time spent in this place.
 B = Non-inter-level travel time spent in this place.
 C = Inter-level travel time spent in this place.
 D = Time resting spent in this place.
 E = Time spent auto-exploring this place.
 F = Levels seen in this place.
 G = Mean time per level.
                   A        B        C        D        E       F      G
               +--------+--------+--------+--------+--------+-----+--------+
         Total |   2546 |   2136 |    410 |      0 |   1762 |   3 |  848.7 |
       Dungeon |   2546 |   2136 |    410 |      0 |   1762 |   3 |  848.7 |
               +--------+--------+--------+--------+--------+-----+--------+

Top non-repeatable levels by time:
     D:2: 1520 daAuts
     D:1: 929 daAuts
     D:3: 96 daAuts
